 Dungeon Crawl Stone Soup version 0.21-a0-583-g2c32b0f (webtiles) character file.

53 slep the Chopper (level 3, -2/18 HPs)
             Began as a Vine Stalker Gladiator on Dec 20, 2017.
             Slain by a worker ant (3 damage)
             ... on level 4 of the Dungeon.
             The game lasted 00:04:11 (1715 turns).

slep the Chopper (Vine Stalker Gladiator)           Turns: 1715, Time: 00:04:12

Health: -2/18      AC:  4    Str: 16    XL:     3   Next: 87%
Magic:  0/4        EV: 13    Int:  8    God:
Gold:   197        SH:  0    Dex: 16    Spells: 2/2 levels left

rFire    . . .     SeeInvis +   a - +0 war axe
rCold    . . .     Gourm    .   (no shield)
rNeg     . . .     Faith    .   b - +0 leather armour
rPois    +         Spirit   +   c - +0 helmet
rElec    .         Reflect  .   (no cloak)
rCorr    .         Harm     .   (no gloves)
MR       .....                  (no boots)
Stlth    +.........             (no amulet)
HPRegen  0.06/turn              k - ring of see invisible
MPRegen  0.09/turn              l - ring of poison resistance

@: lethally poisoned (-2 -> -8)
A: fangs 2, magic shield, antimagic bite, no potion heal 3, rot immunity
a: no special abilities


You were on level 4 of the Dungeon.
You were near starving.

You visited 1 branch of the dungeon, and saw 3 of its levels.

You collected 197 gold pieces.

Inventory:

Hand Weapons
 a - a +0 war axe (weapon)
Missiles
 d - 3 throwing nets (quivered)
 j - 10 poisoned needles
Armour
 b - a +0 leather armour (worn)
 c - a +0 helmet (worn)
Jewellery
 k - a ring of see invisible (left hand)
 l - a ring of poison resistance (right hand)
Scrolls
 e - 2 scrolls of identify {unknown}
 i - 4 scrolls of remove curse {unknown}
 m - 2 scrolls of enchant armour {unknown}
Potions
 g - a potion of ambrosia {unknown}
 h - a potion of haste {unknown}
Comestibles
 f - 5 rations


   Skills:
 + Level 2.2 Fighting
 + Level 3.3 Axes
 + Level 1.9 Throwing
 + Level 0.5 Armour
 + Level 2.9 Dodging
 + Level 0.1 Stealth


You had 2 spell levels left.
You didn't know any spells.

Dungeon Overview and Level Annotations

Branches:
Dungeon (2/15)

Altars:
Hepliaklqana
Sif Muna


Innate Abilities, Weirdness & Mutations

You have extremely sharp teeth.
When hurt, damage is shared between your health and your magic reserves.
Your bite disrupts and absorbs the magic of your enemies.
Potions cannot restore your health.
You are immune to rotting.


Message History

The worker ant is lightly wounded.
* * * LOW HITPOINT WARNING * * *
You feel sick. The worker ant misses you.
You barely miss the worker ant.
You bite the worker ant, but do no damage.
The worker ant is lightly wounded.
* * * LOW HITPOINT WARNING * * *
You feel sick.
The worker ant bites you but does no damage.
The worker ant closely misses you.
You barely miss the worker ant. Your bite misses the worker ant.
The worker ant is lightly wounded.
The worker ant bites you.
* * * LOW HITPOINT WARNING * * *
The worker ant misses you.
You slash the worker ant!
The worker ant is heavily wounded.
* * * LOW HITPOINT WARNING * * *
You feel sick. The worker ant bites you.
You die...

## #....# ..#
#....#
...##....## ..
..........# ...
#.......<##..#
##...........#
#......a.....##
#......@......#
#..............
#..............
#.......?......
...............
...............
#..............
#$.............
##...(........#


You could see a worker ant.

Vanquished Creatures
  An adder (D:2)
  An ooze (D:1)
  A dart slug (D:2)
  2 leopard geckos (D:1)
  9 bats
  2 goblins
  5 hobgoblins
  7 kobolds
  A ball python (D:2)
  7 rats
  A fungus (D:2)
37 creatures vanquished.

Notes
Turn   | Place    | Note
-------+----------+-------------------------------------------
     0 | D:1      | slep the Vine Stalker Gladiator began the quest for the Orb.
     0 | D:1      | Reached XP level 1. HP: 11/11 MP: 2/2
   100 | D:1      | Reached XP level 2. HP: 12/15 MP: 1/3
   260 | D:1      | Reached skill level 3 in Axes
   355 | D:1      | Reached XP level 3. HP: 3/18 MP: 4/4
   756 | D:2      | Found a deep blue altar of Sif Muna.
   886 | D:2      | Found a hazy altar of Hepliaklqana.
  1702 | D:2      | You fall through a shaft for 2 floors!
  1715 | D:4      | Slain by a worker ant

Vault maps used:
D:1:      doesnt_arrival_eight_statues
D:2:      lemuel_coloured_pillars_altar, minmay_misc_feat_room,
          minmay_gold_behind_fungi, grunt_decor_mini_mirrors, led_sif_pool
D:4:      minmay_liquid_box, minmay_rat_hole

Skill      XL: |  1  2 |
---------------+-------+-----
Axes           | 3 |  3.3
Fighting       | 2 |  2.2
Throwing       | |  1.9
Armour         | |  0.5
Dodging        | |  2.9
Stealth        | |  0.1

Action                   || total
-------------------------++-------
Melee: War axe           ||   104
       Bite              ||    29
  Eat: Chunk             ||     1
Armor: Leather armour    ||    41
Dodge: Dodged            ||    90

Table legend:
 A = Spawn XP
 B = Non-spawn XP
 C = Spawn XP percentage of total XP
 D = Spawn monster count
 E = Non-spawn monster count
 F = Spawn count percentage of total count
 G = Total turns spent on level
                    A         B        C        D         E        F      G
               +---------+---------+-------+---------+---------+-------+---------
         Total |       0 |      76 |   0.0 |       0 |      36 |   0.0 |  1715
               +---------+---------+-------+---------+---------+-------+---------
           D:1 |       0 |      35 |   0.0 |       0 |      17 |   0.0 |   405
           D:2 |       0 |      41 |   0.0 |       0 |      19 |   0.0 |  1297
               +---------+---------+-------+---------+---------+-------+---------
